 Dungeon Crawl Stone Soup version 0.29-a0-323-g050149af67 (webtiles) character file.

Game seed: 11262973076173080189

61 Iscandelvey the Firebug (level 3, -2/24 HPs)
             Began as a Demonspawn Fire Elementalist on Apr 12, 2022.
             Slain by an orc
             ... wielding a +0 trident
              (6 damage)
             ... on level 3 of the Dungeon.
             The game lasted 00:04:40 (3375 turns).

Iscandelvey the Firebug (DsFE)                      Turns: 3375, Time: 00:04:41

Health: -2/24      AC:  4    Str:  8    XL:     3   Next: 83%
Magic:  2/7        EV: 12    Int: 18    God:
Gold:   134        SH:  0    Dex: 13    Spells: 4/7 levels left

rFire   + . .      SeeInvis .   c - +0 short sword
rCold   x . .      Faith    .   (no shield)
rNeg    . . .      Spirit   .   a - +0 robe
rPois   .          Reflect  .   g - +0 helmet
rElec   .          Harm     .   q - +0 cloak
rCorr   .          Rampage  .   (no gloves)
Will    .....                   (no boots)
Stlth   ++........              (no amulet)
HPRegen 0.08/turn               k - ring of flight
MPRegen 0.10/turn               o - ring of fire

@: flying
A: powered by pain 1
a: no special abilities


You were on level 3 of the Dungeon.
You visited 1 branch of the dungeon, and saw 3 of its levels.

You collected 134 gold pieces.

Inventory:

Hand Weapons
 c - a +0 short sword (weapon)
Armour
 a - a +0 robe (worn)
 g - a +0 helmet (worn)
 q - a +0 cloak (worn)
Jewellery
 k - a ring of flight (left hand)
 o - a ring of fire (right hand)
Scrolls
 e - a scroll of summoning {unknown}
 f - a scroll of teleportation {unknown}
 h - a scroll of identify {unknown}
 i - a scroll of enchant armour {unknown}
 j - a scroll of vulnerability {unknown}
 n - a scroll of fog {unknown}
 r - a scroll of amnesia {unknown}
 s - a scroll of immolation {unknown}
 u - a scroll of noise {unknown}
Potions
 b - a potion of magic
 d - a potion of resistance {unknown}
 l - a potion of berserk rage {unknown}
 m - 2 potions of lignification {unknown}
 p - a potion of flight {unknown}
 t - 2 potions of degeneration {unknown}
 v - 2 potions of haste {unknown}


   Skills:
 + Level 2.1 Dodging
 + Level 2.3 Stealth
 * Level 2.7 Spellcasting
 * Level 2.0 Conjurations
 + Level 2.9 Fire Magic


You had 4 spell levels left.
You knew the following spells:

 Your Spells              Type           Power      Damage    Failure   Level
a - Foxfire               Conj/Fire      68%        2x1d7     6%          1
b - Scorch                Fire           38%        2d7       8%          2

Your spell library contained the following spells:

 Spells                   Type           Power      Damage    Failure   Level
 Conjure Flame            Conj/Fire      17%        6-21      19%         3
 Inner Flame              Hex/Fire       11%        N/A       26%         3
 Stone Arrow              Conj/Erth      12%        3d7       32%         3
 Flame Wave               Conj/Fire      17%        2d6       52%         4
 Animate Armour           Summ/Erth      4%         N/A       86%         4
 Malign Gateway           Summ/Tloc      1%         N/A       100%        7
 Lehudib's Crystal Spear  Conj/Erth      3%         10d2      100%        8
 Summon Horrible Things   Summ           1%         N/A       100%        8


Dungeon Overview and Level Annotations

Branches:
Dungeon (3/15)

Altars:

Shops:
D:3 [


Innate Abilities, Weirdness & Mutations

You sometimes gain a little power by taking damage.


Message History

Casting: Scorch (safe; 8% risk of failure)
Confirm with . or Enter, or press ? or * to list all spells.
You feel a surge of power!
Flames lash the orc but do no damage.
You hear a shout!
The orc hits you with a +0 short sword. The orc barely misses you.
Casting: Scorch (safe; 8% risk of failure)
Confirm with . or Enter, or press ? or * to list all spells.
You feel a surge of power!
Flames lash the orc.
You kill the orc!
A gnoll comes into view. It is wielding a +0 spear.
The orc barely misses you.
Casting: Scorch (safe; 8% risk of failure)
Confirm with . or Enter, or press ? or * to list all spells.
You feel a surge of power!
Flames lash the orc.
The orc is lightly wounded.
The orc's fire resistance burns away.
The orc misses you. The orc closely misses you.
Casting: Scorch (safe; 8% risk of failure)
Confirm with . or Enter, or press ? or * to list all spells.
You don't have enough magic to cast this spell.
The orc hits you with a +0 flail. The orc hits you with a +0 flail.
The orc hits you from afar with a +0 trident!
* * * LOW HITPOINT WARNING * * *
The orc attacks as you move away! The orc barely misses you.
The orc attacks as you move away! The orc hits you with a +0 flail.
* * * LOW HITPOINT WARNING * * *
You see here the +8 rapier of Uskayaw, Sheltering {holy, rCorr Str+3 SInv}.
You hit the orc but do no damage.
The orc is severely wounded.
The orc closely misses you.
You hit the orc.
The orc is almost dead.
The orc misses you. The orc closely misses you.
You hit the orc.
You kill the orc!
The orc closely misses you.
You reach down and open the door.
The orc barely misses you.
The orc hits you from afar with a +0 trident.
You die...

#.##........ #.....#
#.#.........
#.....###...........
#............>...)..
#........#..........
#........#..........
#........#..........
#........#..........
#@#######'#'#.....
#.)ogg....#.######
#######...#.#
#)#.#.# #.#.#.#
#g#.... .g###.# #.#
... #.# #.#.


You could see 2 gnolls and an orc.

Vanquished Creatures
  A worm (D:2)
  2 dart slugs
  3 orcs (D:3)
  6 endoplasms
  2 giant cockroaches
  6 goblins
  3 hobgoblins (D:1)
  2 quokkas (D:2)
  2 ball pythons
  5 bats
  6 kobolds
  8 rats
46 creatures vanquished.

Vanquished Creatures (others)
  13 foxfires
13 creatures vanquished.

Grand Total: 59 creatures vanquished

Notes
Turn   | Place    | Note
-------+----------+-------------------------------------------
     0 | D:1      | Iscandelvey the Demonspawn Fire Elementalist began the
                  | quest for the Orb.
     0 | D:1      | Reached XP level 1. HP: 13/13 MP: 3/3
   301 | D:1      | Gained mutation: You sometimes gain a little power by
                  | taking damage. [demonic ancestry]
   301 | D:1      | Reached XP level 2. HP: 13/19 MP: 5/5
   909 | D:1      | Learned a level 2 spell: Scorch
  1122 | D:1      | Found a faded altar of an unknown god.
  1458 | D:2      | Reached XP level 3. HP: 12/24 MP: 3/6
  2854 | D:3      | Found Kecom's Antique Armour Shoppe.
  3369 | D:3      | Identified the +8 rapier of Uskayaw, Sheltering {holy,
                  | rCorr Str+3 SInv}
  3375 | D:3      | Slain by an orc

Illustrated notes

Levels and vault maps discovered:
D:1:      dpeg_arrival_central, layout_basic, basic_ecumenical_altar
D:2:      layout_rooms, minmay_misc_feat_alley,
          amcnicky_mini_rare_corridor_liquid
D:3:      layout_basic, serial_shops, shop_fountains

Skill      XL: |  1  2  3 |
---------------+----------+-----
Stealth        | 2 |  2.3
Dodging        | 2 |  2.1
Conjurations   | 2 |  2.0
Spellcasting   | |  2.7
Fire Magic     | |  2.9

Action                   || total
-------------------------++-------
Melee: Short sword       ||   158
       Unarmed           ||     4
       Punch             ||     2
 Cast: Foxfire           ||     7
       Scorch            ||    13
 Stab: Sleeping          ||     4
Armor: Robe              ||    36
Dodge: Dodged            ||   115

Table legend: (Time is in decaauts)
 A = Elapsed time spent in this place.
 B = Non-inter-level travel time spent in this place.
 C = Inter-level travel time spent in this place.
 D = Time resting spent in this place.
 E = Time spent auto-exploring this place.
 F = Levels seen in this place.
 G = Mean time per level.
                   A        B        C        D        E       F      G
               +--------+--------+--------+--------+--------+-----+--------+
         Total |   3388 |   3315 |     73 |    831 |   2027 |   3 | 1129.3 |
       Dungeon |   3388 |   3315 |     73 |    831 |   2027 |   3 | 1129.3 |
               +--------+--------+--------+--------+--------+-----+--------+

Top non-repeatable levels by time:
     D:1: 1449 daAuts
     D:2: 1407 daAuts
     D:3: 531 daAuts
